 Dungeon Crawl Stone Soup version 0.23.2-1-ga50397a (webtiles) character file.

Game seed: 8997166323834278171

9355 MalarOregon the Impaler (level 11, -1/82 HPs)
             Began as a Merfolk Gladiator on May 14, 2019.
             Was a Believer of Hepliaklqana.
             Slain by a hornet (10 damage)
             ... on level 10 of the Dungeon.
             The game lasted 00:16:04 (11001 turns).

MalarOregon the Impaler (Merfolk Gladiator)        Turns: 11001, Time: 00:16:05

Health: -1/82      AC: 11    Str: 17    XL:     11   Next: 45%
Magic:  4/13       EV: 16    Int: 10    God:    Hepliaklqana [**....]
Gold:   426        SH:  0    Dex: 16    Spells: 10/10 levels left

rFire    . . .     SeeInvis +   a - +4 halberd
rCold    . . .     Gourm    .   (shield currently unavailable)
rNeg     + . .     Faith    .   D - +1 scale mail {rN+}
rPois    .         Spirit   .   r - +1 helmet
rElec    .         Reflect  .   s - +0 cloak
rCorr    .         Harm     .   j - +0 pair of gloves
MR       .....                  (no boots)
Stlth    ..........             (no amulet)
HPRegen  0.23/turn              A - +2 ring of intelligence
MPRegen  0.13/turn              z - ring of see invisible

@: slowed, very slow
A: change form in water, swift swim, stealthy swim, reduced essence
a: Ancestor Life: Knight, Ancestor Life: Battlemage, Ancestor Life: Hexer,
Recall Ancestor, Ancestor Identity, Renounce Religion


You were on level 10 of the Dungeon.
You worshipped Hepliaklqana.
Hepliaklqana was pleased with you.
You were not hungry.

You visited 2 branches of the dungeon, and saw 11 of its levels.
You also visited: Ossuary.

You collected 566 gold pieces.
You spent 140 gold pieces at shops.

Inventory:

Hand Weapons
 a - a +4 halberd (weapon)
   (You took it off a gnoll on level 2 of the Dungeon)
 C - the +6 flail of Profit {elec, Int+6, unknown}
   (You found it on level 5 of the Dungeon)

   Occasionally, upon striking a foe, it will discharge some electrical energy
   and cause terrible harm.
   It affects your intelligence (+6).
 M - a +3 scimitar of flaming
   (You took it off Erica on level 8 of the Dungeon)
Missiles
 n - 6 curare-tipped needles {!f}
 F - 7 throwing nets (quivered) {!f}
 N - 8 javelins of returning
Armour
 j - a +0 pair of gloves (worn)
   (You found it on level 6 of the Dungeon)
 r - a +1 helmet (worn)
 s - a +0 cloak (worn)
   (You found it on level 2 of the Dungeon)
 D - a +1 scale mail of positive energy (worn)
   (You bought it in a shop on level 5 of the Dungeon)
Jewellery
 g - an uncursed ring of wizardry
   (You found it on level 1 of the Dungeon)
 i - an uncursed ring of protection from fire
   (You found it on level 4 of the Dungeon)
 v - an uncursed ring of resist corrosion
   (You found it on level 4 of the Dungeon)
 z - a ring of see invisible (right hand)
   (You found it on level 1 of the Dungeon)
 A - a +2 ring of intelligence (left hand)
   (You found it on level 5 of the Dungeon)
 R - an uncursed ring of protection from cold {unknown}
   (You found it on level 9 of the Dungeon)
Wands
 c - a wand of disintegration (17)
   (You found it on level 2 of the Dungeon)
 d - a wand of iceblast (6)
   (You found it on level 7 of the Dungeon)
 q - a wand of polymorph (11)
   (You found it on level 2 of the Dungeon)
 t - a wand of flame (33)
   (You took it off an orc priest on level 6 of the Dungeon)
 u - a wand of paralysis (8)
   (You found it on level 5 of the Dungeon)
 x - a wand of acid (17)
   (You found it on level 5 of the Dungeon)
Scrolls
 b - 5 scrolls of teleportation {@r4}
 k - 3 scrolls of remove curse {@r2}
 l - 5 scrolls of fear {unknown}
 w - a scroll of silence
 y - a scroll of magic mapping
 I - 3 scrolls of identify {@r1}
 J - a scroll of fog {unknown}
 K - a scroll of blinking {unknown}
 L - a scroll of summoning {unknown}
 S - a scroll of immolation {unknown}
 U - a scroll of torment {unknown}
Potions
 f - 3 potions of degeneration {unknown}
 h - 5 potions of brilliance
 m - 3 potions of flight
 o - 2 potions of mutation {unknown}
 p - 2 potions of resistance {unknown}
 B - 2 potions of might {unknown}
 E - 2 potions of lignification {unknown}
 G - a potion of curing {@q1}
 H - 4 potions of heal wounds {@q2}
 P - a potion of invisibility {unknown}
 Q - 2 potions of haste {unknown}
Miscellaneous
 O - a lightning rod (4/4) {!a}
   (You found it on level 9 of the Dungeon)
Comestibles
 e - 17 rations {!d}


   Skills:
 + Level 10.5 Fighting
 - Level 16.1 Polearms
 - Level 2.0 Throwing
 + Level 2.0 Armour
 + Level 10.6 Dodging
 + Level 2.9 Invocations
 + Level 2.6 Evocations


You had 10 spell levels left.
You didn't know any spells.
Your spell library contained the following spells:

 Spells                   Type           Power        Failure   Level  Hunger
 Animate Skeleton         Necr           N/A          78%         1    ##.....
 Apportation              Tloc           #.....       78%         1    ##.....
 Confusing Touch          Hex            #.....       78%         1    ##.....
 Shock                    Conj/Air       #...         78%         1    ##.....
 Summon Small Mammal      Summ           #...         78%         1    ##.....
 Call Imp                 Summ           #.......     89%         2    ###....
 Swiftness                Chrm/Air       #.......     89%         2    ###....
 Call Canine Familiar     Summ           #.......     98%         3    ####...
 Static Discharge         Conj/Air       #.......     98%         3    ####...
 Summon Guardian Golem    Hex/Summ       #.......     98%         3    ####...
 Airstrike                Air            #.........   100%        4    #####..
 Summon Ice Beast         Ice/Summ       #.......     100%        4    #####..
 Summon Lightning Spire   Summ/Air       #.......     100%        4    #####..
 Lightning Bolt           Conj/Air       #.........   100%        5    ######.


Dungeon Overview and Level Annotations

Branches:
Dungeon (10/15)            Temple (1/1) D:7
   Lair: D:8-11         Orc: D:9-12

Altars:
Ashenzari
Cheibriados
Dithmenos
Elyvilon
Fedhas
Gozag
Hepliaklqana
Kikubaaqudgha
Makhleb
Nemelex Xobeh
Okawaru
Qazlal
Ru
Sif Muna
Trog
Uskayaw
Vehumet
Wu Jian
Xom
Yredelemnul
Zin
The Shining One
Beogh

Shops:
D:5 [   D:6 [?*[   D:7 :*=   D:8 :

Annotations:
D:4 3 runed translucent doors, Borgoz's ghost, amateur GrGl


Message History

You slash the troll!
All of the chunks of flesh in your inventory have rotted away.
You slash the troll!
You kill the troll!
Your Armour skill increases to level 2!
You impale the bullfrog!!
The bullfrog hits you but does no damage.
Servius barely misses the bullfrog.
You barely miss the bullfrog. The bullfrog closely misses you.
Servius barely misses the bullfrog.
You slash the bullfrog!
You kill the bullfrog!
You hit the hornet. The hornet completely misses you.
Servius closely misses the hornet.
The crimson imp blinks!
You barely miss the hornet. The hornet barely misses you.
Servius barely misses the hornet.
You miss the hornet. The hornet closely misses you.
Servius misses the hornet.
You completely miss the hornet. The hornet stings you.
* * * LOW HITPOINT WARNING * * *
You feel yourself slow down. The hornet stings you.
* * * LOW HITPOINT WARNING * * *
You feel as though you will be slow longer.
Unknown command.
You puncture the hornet!
An orc comes into view.
Servius barely misses the hornet.
The crimson imp blinks!
The hornet misses you.
You hit the hornet. The hornet stings you.
* * * LOW HITPOINT WARNING * * *
You feel as though you will be slow longer.
Servius barely misses the hornet.
An iguana comes into view.
The hornet stings you!
* * * LOW HITPOINT WARNING * * *
You are lethally poisoned!
You feel as though you will be slow longer.
You feel better. The hornet stings you!
* * * LOW HITPOINT WARNING * * *
You feel as though you will be slow longer.
Servius hits the hornet!
The hornet barely misses you.
Servius misses the hornet.
The crimson imp blinks!
You hit the hornet but do no damage.
The hornet stings you but does no damage.
Servius hits the hornet.
The crimson imp grins evilly.
The crimson imp blinks!
Your scale mail prevents you from hitting the hornet.
The hornet stings you!
You die...

#.......≈≈hcho≈≈..
#......!≈≈≈≈≈≈≈.≈.
#......l.≈≈≈≈≈≈≈≈≈
#........≈(≈.≈≈≈≈≈
#....o..(.≈..;≈≈≈≈
+.........≈....≈≈≈
#.....R.........≈≈
###+#y..##########
#.@#### ##?# #.#
###'########
#..........#
+..........+
#......[...#
#..........#
######'#####


You could see the friendly Servius the ancestor, a hornet, an iguana and an orc.

Vanquished Creatures
  Harold (D:7)
  Erica (D:8)
  A two-headed ogre (D:9)
  Psyche (D:8)
  A troll (D:10)
  Prince Ribbit (D:6)
  A hippogriff (D:7)
  A wyvern (D:9)
  A wraith (Ossuary)
  9 yaks (D:9)
  Grum (D:8)
  Edmund (D:5)
  2 ice beasts
  An orc warrior (D:8)
  A black bear (D:7)
  An eye of draining (D:10)
  A phantom (D:9)
  3 ogres
  A necrophage (D:5)
  3 wolves
  5 centaurs
  2 bullfrogs
  A water moccasin skeleton (D:4)
  2 scorpions (D:5)
  26 killer bees
  3 howler monkeys
  4 crimson imps
  A centaur zombie (D:8)
  A quasit (D:9)
  2 bullfrog zombies
  A centaur skeleton (D:7)
  5 hounds
  An orc priest (D:6)
  A jelly (D:7)
  5 orc wizards
  Terence (D:2)
  An iguana (D:7)
  3 worker ants
  A hound zombie (D:5)
  A hound skeleton (D:6)
  A mummy (Ossuary)
  A worker ant zombie (D:7)
  12 gnolls
  13 adders
  3 shadow imps
  An adder zombie (D:8)
  An adder skeleton (D:5)
  A worm (D:3)
  2 dart slugs (D:1)
  3 leopard geckos
  15 orcs
  A ball python (D:3)
  3 giant cockroaches
  4 goblins
  7 hobgoblins
  3 jackals (D:4)
  3 quokkas
  5 bats
  6 frilled lizards
  A giant cockroach zombie (D:6)
  5 gnoll skeletons (Ossuary)
  2 jackal skeletons
  2 kobolds
  9 kobold skeletons (Ossuary)
  11 orc skeletons (Ossuary)
  7 rats
222 creatures vanquished.

Vanquished Creatures (collateral kills)
  A queen bee (D:9)
  A necrophage (D:9)
  2 killer bees (D:9)
  A howler monkey (D:9)
  An orc (D:8)
6 creatures vanquished.

Vanquished Creatures (others)
  4 ancestors
4 creatures vanquished.

Grand Total: 232 creatures vanquished

Notes
Turn   | Place    | Note
-------+----------+-------------------------------------------
     0 | D:1      | MalarOregon the Merfolk Gladiator began the quest for the
                  | Orb.
     0 | D:1      | Reached XP level 1. HP: 16/16 MP: 1/1
   509 | D:1      | Reached skill level 5 in Polearms
   526 | D:1      | Reached XP level 2. HP: 22/22 MP: 2/2
   946 | D:2      | Reached skill level 6 in Polearms
   946 | D:2      | Reached XP level 3. HP: 27/27 MP: 3/3
  1225 | D:2      | Reached XP level 4. HP: 33/33 MP: 4/4
  1297 | D:2      | Reached skill level 7 in Polearms
  2031 | D:2      | Found a basalt altar of Yredelemnul.
  2043 | D:2      | Noticed Terence
  2067 | D:2      | Killed Terence
  2067 | D:2      | Reached XP level 5. HP: 10/39 MP: 5/5
  2068 | D:2      | Found an ornate altar of the Wu Jian Council.
  3025 | D:3      | Reached skill level 8 in Polearms
  3391 | D:4      | Reached skill level 5 in Dodging
  3391 | D:4      | Reached XP level 6. HP: 47/47 MP: 6/6
  3564 | D:4      | Found a sparkling altar of Nemelex Xobeh.
  3564 | D:4      | Found a shimmering altar of Xom.
  3672 | D:4      | Found a runed translucent gate.
  3672 | D:4      | Found a runed translucent gate.
  3672 | D:4      | Found a runed translucent gate.
  3713 | D:4      | Noticed Borgoz's ghost (amateur GrGl)
  3714 | D:4      | Identified the cursed +1 chain mail of an ossuary {MR+
                  | Dex+5}
  3717 | D:4      | Found a roughly hewn altar of Beogh.
  3874 | D:4      | Got a thick robe
  3947 | D:5      | Entered Level 5 of the Dungeon
  4136 | D:5      | Reached XP level 7. HP: 50/54 MP: 7/7
  4151 | D:5      | Paralysed by a centaur for 7 turns
  4163 | D:5      | Reached skill level 9 in Polearms
  4460 | D:5      | Got a jewelled flail
  4601 | D:5      | Found Ydeany's Antique Armour Shop.
  4609 | D:5      | Bought a runed scale mail for 140 gold pieces
  4630 | D:5      | Identified the +1 robe of the Storm King {*Drain +Blink
                  | rC+++ Int-2} (You found it on level 4 of the Dungeon)
  4838 | D:6      | Reached skill level 5 in Fighting
  4848 | D:6      | Noticed Prince Ribbit
  5109 | D:6      | Found Tynnubru's Magic Scroll Boutique.
  5109 | D:6      | Found Giyn's Armour Shoppe.
  5109 | D:6      | Noticed Edmund
  5120 | D:5      | Reached XP level 8. HP: 62/62 MP: 8/8
  5147 | D:5      | Killed Edmund
  5147 | D:5      | Reached skill level 10 in Polearms
  5301 | D:6      | Found Poqilli's Armour Shoppe.
  5336 | D:6      | Killed Prince Ribbit
  5578 | D:6      | Found Xown's General Store.
  6004 | D:7      | Found Dojepp's General Store.
  6014 | D:7      | Noticed Harold
  6042 | D:7      | Killed Harold
  6042 | D:7      | Reached skill level 11 in Polearms
  6042 | D:7      | Reached XP level 9. HP: 27/72 MP: 9/9
  6334 | D:7      | Found Hih Nese's Jewellery Emporium.
  6337 | D:7      | Found an opulent altar of Gozag.
  6435 | D:7      | Found a white marble altar of Elyvilon.
  6460 | D:7      | Reached skill level 12 in Polearms
  6473 | D:7      | Found a sand-covered staircase.
  6481 | Ossuary  | Entered an ossuary
  6537 | Ossuary  | Reached skill level 10 in Dodging
  6810 | D:7      | Found an ancient bone altar of Kikubaaqudgha.
  6842 | D:7      | Found a staircase to the Ecumenical Temple.
  6852 | D:7      | Found Raiph's Book Boutique.
  6868 | Temple   | Entered the Ecumenical Temple
  6930 | Temple   | Became a worshipper of Hepliaklqana the Forgotten
  7249 | D:8      | Noticed Erica
  7249 | D:8      | Noticed Psyche
  7277 | D:8      | Killed Psyche
  7277 | D:8      | Reached skill level 13 in Polearms
  7277 | D:8      | Reached XP level 10. HP: 22/73 MP: 10/10
  7822 | D:8      | Noticed Grum
  7835 | D:8      | Killed Grum
  8084 | D:8      | Reached * piety under Hepliaklqana
  8136 | D:8      | Killed Erica
  8136 | D:8      | Reached skill level 10 in Fighting
  8136 | D:8      | Reached skill level 14 in Polearms
  8733 | D:8      | Found a snail-covered altar of Cheibriados.
  8931 | D:8      | Found Cibrulue's Book Shoppe.
  9337 | D:9      | Reached skill level 15 in Polearms
  9709 | D:9      | Reached skill level 16 in Polearms
  9709 | D:9      | Reached XP level 11. HP: 46/81 MP: 11/11
  9948 | D:9      | Noticed a two-headed ogre
  9957 | D:9      | Killed a two-headed ogre
  9957 | D:9      | Reached skill level 1 in Armour
  9957 | D:9      | Reached skill level 1 in Invocations
  9957 | D:9      | Reached skill level 1 in Evocations
 10521 | D:9      | Found a glowing golden altar of the Shining One.
 10927 | D:10     | Entered Level 10 of the Dungeon
 10937 | D:10     | Reached ** piety under Hepliaklqana
 10998 | D:10     | HP: 4/82 [hornet (12)]
 11001 | D:10     | Slain by a hornet

Skill      XL: |  1  2  3  4  5  6  7  8  9 10 11 |
---------------+----------------------------------+-----
Polearms       | 5 6 7 8 9 11 13 16 | 16.1
Fighting       | 3 4 5 7 8 10 | 10.5
Dodging        | 5 7 9 10 | 10.6
Armour         | 2 |  2.0
Invocations    | 2 |  2.9
Evocations     | 2 |  2.6
Throwing       | |  2.0

Action                   |  1- 3 |  4- 6 |  7- 9 | 10-12 || total
-------------------------+-------+-------+-------+-------++-------
Melee: Trident           |    85 |       |       |       ||    85
       Halberd           |     1 |   217 |   261 |   314 ||   793
       Tailslap          |     1 |       |     1 |       ||     2
  Use: Scroll            |       |    10 |     4 |       ||    14
       Potion            |       |       |     3 |     2 ||     5
 Stab: Sleeping          |     3 |     3 |       |       ||     6
       Distracted        |       |       |       |     4 ||     4
  Eat: Chunk             |     1 |     6 |    10 |     9 ||    26
       Ration            |       |     1 |       |     1 ||     2
Armor: Leather armour    |    11 |    53 |     2 |       ||    66
       Scale mail        |       |       |    77 |    69 ||   146
Dodge: Dodged            |    50 |   148 |   189 |   181 ||   568
